 Dungeon Crawl Stone Soup version 0.31-a0-851-g7ff8af7976 (webtiles) character file.

Game seed: 2489577948273032311

2406 Flugkiller the Martial Artist (level 9, -1/61 HPs)
             Began as an Octopode Shapeshifter on Oct 6, 2023.
             Was a Follower of Wu Jian.
             Slain by an ice beast (11 damage)
             ... on level 7 of the Dungeon.
             The game lasted 00:10:25 (6046 turns).

Flugkiller the Martial Artist (OpSh)                Turns: 6046, Time: 00:10:25

Health: -1/61      AC:  1    Str: 13    XL:     9   Next: 47%
Magic:  9/9        EV: 16    Int: 13    God:    Wu Jian [*.....]
Gold:   329        SH:  0    Dex: 18    Spells: 8/8 levels left

rFire   + +          +
                       - Unarmed
rCold   . . .        (no shield)
rNeg    . . .        (helmet currently unavailable)
rPois   .            (no amulet)
rElec   +            f - ring of protection from fire
rCorr   .            p - ring of protection from fire
SInv    .            r - ring of Peace {Fly rElec rF++ Dex+3 Slay+2}
Will    .....        (no ring)
Stlth   +++          (no ring)
HPRegen 0.30/turn    (no ring)
MPRegen 0.11/turn    (no ring)
                     (no ring)

%: no passive effects
@: beast-form, flying
A: beast (slay +2), almost no armour, amphibious, 8 rings, camouflage 1,
gelatinous body 1, (nimble swimmer 1), tentacles
a: Begin Untransformation, Renounce Religion


You were on level 7 of the Dungeon.
You worshipped Wu Jian.
Wu Jian was aware of your devotion.
You were a hulking beast.
You visited 2 branches of the dungeon, and saw 8 of its levels.

You collected 329 gold pieces.

Inventory:

Hand Weapons
 d - the +3 sling "Ucaor" {flame, rF+ Int+3}
   (You found it on level 4 of the Dungeon)

   Int+3:     It affects your intelligence (+3).
   rF+:       It protects you from fire.
Missiles
 e - 11 poisoned darts (quivered)
 o - 2 throwing nets
Armour
 k - a +0 tower shield
   (You took it off an orc on level 5 of the Dungeon)
Jewellery
 f - a ring of protection from fire (left tentacle)
   (You found it on level 6 of the Dungeon)
 p - a ring of protection from fire (right tentacle)
   (You took it off an orc on level 5 of the Dungeon)
 q - an amulet of magic regeneration
   (You found it on level 6 of the Dungeon)
 r - the ring of Peace (on tentacle) {Fly rElec rF++ Dex+3 Slay+2}
   (You found it on level 7 of the Dungeon)

   [ring of flight]

   Dex+3:     It affects your dexterity (+3).
   Slay+2:    It affects your accuracy & damage with ranged weapons and melee
   (+2).
   rF++:      It greatly protects you from fire.
   rElec:     It insulates you from electricity.
   Fly:       It grants you flight.
Talismans
 b - a beast talisman (active)
 c - a flux talisman
Wands
 m - a wand of flame (3)
   (You took it off a kobold on level 3 of the Dungeon)
Scrolls
 i - 2 scrolls of silence
Potions
 a - a potion of curing {unknown}
 g - a potion of cancellation
 h - a potion of haste
 j - a potion of attraction
 l - a potion of heal wounds {unknown}
 n - a potion of invisibility {unknown}
 s - a potion of enlightenment {unknown}


   Skills:
 - Level 5.0 Fighting
 - Level 6.0 Dodging
 - Level 2.0 Stealth
 + Level 9.2 Unarmed Combat
 - Level 5.0 Shapeshifting


You had 8 spell levels left.
You didn't know any spells.
Your spell library contained the following spells:

 Spells                   Type           Power      Damage    Failure   Level
 Magic Dart               Conj           0%         1d3       30%         1
 Searing Ray              Conj           0%         2d4       43%         2
 Fulminant Prism          Conj/Hex       0%         3d5       97%         4


Dungeon Overview and Level Annotations

Branches:
Dungeon (7/15) Zot: 26367  Temple (1/1) D:5 Zot: 5969

Altars:
Cheibriados
Dithmenos
Fedhas
Gozag
Hepliaklqana
Makhleb
Nemelex Xobeh
Okawaru
Qazlal
Ru
Sif Muna
Uskayaw
Vehumet
Wu Jian
Xom
Yredelemnul
The Shining One

Portals:
Bailey: D:7

Annotations:
D:4 2 transporters, ReallyHexed's ghost, amateur DjHW
Temple 2 transporters


Innate Abilities, Weirdness & Mutations

You are a hulking beast.
Your limbs bulge with bestial killing power. (Slay +2)
You cannot wear most types of armour.
You are amphibious.
You can wear up to eight rings at the same time.
Your skin changes colour to match your surroundings (Stealth+).
Your rubbery body absorbs attacks. (AC +1, EV +1)
((You are camouflaged when in or above water. (Stealth+)))
You have tentacles for arms and can constrict up to eight enemies at once.


Message History

The helpless wyvern fails to defend itself.
You tentacle-slap the wyvern.
The wyvern is lightly wounded.
The wyvern bites you!
You bludgeon the wyvern! You squeeze the wyvern!
The wyvern is almost dead.
The wyvern bites you. The wyvern closely misses you.
You tentacle-slap the wyvern.
You kill the wyvern!
The Council accepts your kill.
Your Unarmed Combat skill increases to level 9!
No target in view!
t - a scroll labelled WUPLUX FYUKHLIM
As you read the scroll labelled WUPLUX FYUKHLIM, it crumbles to dust.
It is a scroll of enchant weapon.
You aren't carrying any weapons that can be enchanted.
Found a stone staircase leading down.
Found a chain mail.
A water moccasin comes into view.
The water moccasin hisses angrily.
The water moccasin misses you.
You closely miss the water moccasin. You grab the water moccasin.
Your squeeze misses the water moccasin. You constrict the water moccasin.
The water moccasin closely misses you.
You completely miss the water moccasin.
The water moccasin is lightly wounded.
You constrict the water moccasin. The water moccasin bites you.
You tentacle-slap the water moccasin. You squeeze the water moccasin!
The water moccasin is severely wounded.
You constrict the water moccasin.
The water moccasin bites you but does no damage.
You bludgeon the water moccasin! You squeeze the water moccasin.
You kill the water moccasin!
The Council accepts your kill.
You see here a water moccasin corpse.
Found a slimy spear.
You hear the quick creaking of a very distant portcullis.
t - the +8 spear "Widowmaker" {freeze, Fly Str+3} You drop the +8 spear "Widowmaker" {freeze, Fly Str+3}.
A goblin comes into view. It is wielding a +0 spear.
A goblin comes into view. It is wielding a +0 spear.
Found a flagged portal. 2 goblins come into view.
Found an escape hatch in the floor.
The goblin shouts! x2
The goblin hits you from afar with a +0 spear.
An ice beast comes into view.
The goblin splashes around in the water.
The goblin hits you from afar with a +0 spear.
The goblin completely misses you.
You closely miss the goblin. Your grab misses the goblin.
You hear the loud creaking of a portcullis.
The goblin hits you with a +0 spear. The goblin barely misses you.
The goblin hits you from afar with a +0 spear.
You bludgeon the goblin!
You kill the goblin!
The Council accepts your kill.
You hear a splash.
You lunge at the goblin.
You batter the goblin!!
You kill the goblin!
The Council accepts your kill.
The goblin hits you from afar with a +0 spear.
The goblin hits you with a +0 spear.
You tentacle-slap the goblin but do no damage.
Your grab misses the goblin. The goblin barely misses you.
The goblin hits you with a +0 spear. The goblin closely misses you.
The ice beast attacks as it pursues you!
The ice beast misses you. The goblin attacks as it pursues you!
The goblin closely misses you.
You tentacle-slap the ice beast.
The ice beast is lightly wounded.
The ice beast closely misses you. The goblin misses you.
The ice beast attacks as it pursues you!
The ice beast hits you. The ice beast freezes you!
The goblin attacks as it pursues you! The goblin hits you but does no damage.
You are too injured to fight recklessly!
You are too injured to fight recklessly!
You barely miss the ice beast. You squeeze the ice beast.
The ice beast is moderately wounded.
The ice beast barely misses you.
You tentacle-slap the ice beast but do no damage.
Your squeeze misses the ice beast.
The ice beast is moderately wounded.
The goblin hits you from afar with a +0 spear.
The ice beast misses you.
You tentacle-slap the ice beast.
The ice beast is moderately wounded.
The goblin misses you. The goblin barely misses you. The ice beast hits you.
The ice beast freezes you!
* * * LOW HITPOINT WARNING * * *
You bludgeon the ice beast!
The ice beast is almost dead.
The goblin closely misses you.
The goblin hits you from afar with a +0 spear.
* * * LOW HITPOINT WARNING * * *
The ice beast hits you.
* * * LOW HITPOINT WARNING * * *
The ice beast freezes you!
You die...

....#
###.############
...............#
###.##########.#
#.# #.# ..#
###.###### ####
#........#
#.###.##.# #.#
#h# #.###Y# #
###...gg##.#
#..........#
#.#........#
#.#.≈≈)≈≈..#
#...≈)..≈..#
#.#.~.∩.~..#
#.#.≈.>.≈..#


You could see an ice beast and 2 goblins.

Vanquished Creatures
  Maggie (D:7)
  A wyvern (D:7)
  A water moccasin (D:7)
  An ice beast (D:5)
  A sky beast (D:7)
  2 ogres
  A phantom (D:4)
  Blork the orc (D:5)
  A bullfrog (D:6)
  A gnoll sergeant (D:6)
  4 scorpions
  5 wights
  5 hounds
  3 jellies
  2 gnoll boudas
  An orc priest (D:4)
  A sleepcap (D:6)
  2 iguanas (D:5)
  3 orc wizards
  14 gnolls
  6 adders
  A shadow imp (D:6)
  A white imp (D:6)
  A worm (D:3)
  4 dart slugs
  13 orcs
  5 bats
  6 endoplasms
  A giant cockroach (D:3)
  10 goblins
  6 hobgoblins
  2 jackals (D:1)
  3 quokkas
  4 ball pythons
  2 frilled lizards (D:1)
  8 kobolds
  4 rats
128 creatures vanquished.

Notes
Turn   | Place    | Note
-------+----------+-------------------------------------------
     0 | D:1      | Flugkiller the Octopode Shapeshifter began the quest for
                  | the Orb.
     0 | D:1      | Reached XP level 1. HP: 13/13 MP: 1/1
    11 | D:1      | Reached skill level 1 in Stealth
    99 | D:1      | Reached XP level 2. HP: 14/18 MP: 2/2
   511 | D:1      | Reached XP level 3. HP: 22/24 MP: 3/3
  1086 | D:2      | Found a faded altar of an unknown god.
  1768 | D:3      | Reached XP level 4. HP: 29/30 MP: 4/4
  1782 | D:3      | Found a radiant altar of Vehumet.
  2259 | D:4      | Found a transporter.
  2286 | D:4      | Found a transporter.
  2289 | D:4      | Noticed ReallyHexed's ghost (amateur DjHW)
  2305 | D:4      | Noticed a phantom
  2322 | D:4      | Killed a phantom
  2323 | D:4      | Reached skill level 4 in Unarmed Combat
  2323 | D:4      | Reached XP level 5. HP: 16/36 MP: 5/5
  2564 | D:4      | Reached skill level 5 in Unarmed Combat
  2610 | D:4      | Reached XP level 6. HP: 37/42 MP: 6/6
  2868 | D:4      | Identified the +3 sling "Ucaor" {flame, rF+ Int+3}
  2931 | D:5      | Entered Level 5 of the Dungeon
  2944 | D:5      | Reached skill level 6 in Unarmed Combat
  3294 | D:5      | Reached XP level 7. HP: 30/46 MP: 7/7
  4280 | D:5      | Reached XP level 8. HP: 41/52 MP: 8/8
  4344 | D:5      | Reached skill level 5 in Dodging
  4344 | D:5      | Reached skill level 5 in Shapeshifting
  4584 | D:5      | Found a staircase to the Ecumenical Temple.
  4591 | Temple   | Found a transporter.
  4591 | Temple   | Found a transporter.
  4591 | Temple   | Found a transporter.
  4591 | Temple   | Found a transporter.
  4591 | Temple   | Entered the Ecumenical Temple
  4604 | Temple   | Became a worshipper of the Wu Jian Council
  4922 | D:6      | Noticed Blork the orc
  4932 | D:5      | Killed Blork the orc
  5256 | D:6      | Reached skill level 5 in Fighting
  5410 | D:7      | Noticed a wyvern
  5469 | D:7      | Reached * piety under Wu Jian
  5470 | D:7      | Reached skill level 7 in Unarmed Combat
  5618 | D:7      | Reached XP level 9. HP: 26/61 MP: 9/9
  5665 | D:7      | Found a shimmering altar of Xom.
  5721 | D:7      | Noticed Maggie
  5730 | D:7      | Killed Maggie
  5731 | D:7      | Reached skill level 8 in Unarmed Combat
  5851 | D:7      | Identified the ring of Peace {Fly rElec rF++ Dex+3 Slay+2}
  5941 | D:7      | Reached skill level 9 in Unarmed Combat
  5988 | D:7      | Identified the +8 spear "Widowmaker" {freeze, Fly Str+3}
  6028 | D:7      | Found a flagged portal.
  6046 | D:7      | Slain by an ice beast

Illustrated notes

Levels and vault maps discovered:
D:1:      dpeg_arrival_arbitrary_b, layout_basic, serial_curves, eino_curves_04,
          eino_curves_03
D:2:      layout_basic, shapermc_ecumenical_altar_mp_urbaneastern
D:3:      cheibrodos_helix_gallery, layout_loops_ring, vehumet_altar_wand_db
D:4:      layout_basic, gammafunk_ghost_mausoleum, minivault_27
D:5:      layout_rooms, minmay_temple_entry_gardened_gates
D:6:      layout_loops_ring, minmay_fractal_squares_gapless_5,
          uniq_blork_the_orc
D:7:      layout_loops_cross, overflow_temple_1_default, enter_bailey_5,
          uniq_maggie
Temple:   hellmonk_temple_divided_pantheon

Skill      XL: |  1  2  3  4  5  6  7  8  9 |
---------------+----------------------------+-----
Stealth        | 2 |  2.0
Fighting       | 2 3 5 |  5.0
Unarmed Combat | 4 5 6 7 9 |  9.2
Dodging        | 3 4 6 |  6.0
Shapeshifting  | 4 5 |  5.0

Action                     |  1- 3 |  4- 6 |  7- 9 || total
---------------------------+-------+-------+-------++-------
  Melee: Unarmed           |    82 |    80 |   168 ||   330
         Constrict         |    20 |    14 |    40 ||    74
         Tentacles         |    13 |    15 |    53 ||    81
         Punch             |     3 |     4 |    10 ||    17
  Throw: Dart              |       |       |     7 ||     7
Ability: Lunge             |       |       |    11 ||    11
  Evoke: Wand              |       |       |    11 ||    11
    Use: Scroll            |     3 |     4 |     5 ||    12
         Potion            |       |     4 |     1 ||     5
   Stab: Sleeping          |     7 |     2 |     4 ||    13
 Armour: Skin              |    33 |    41 |    80 ||   154
  Dodge: Dodged            |    38 |    37 |    80 ||   155

Table legend: (Time is in decaauts)
 A = Elapsed time spent in this place.
 B = Non-inter-level travel time spent in this place.
 C = Inter-level travel time spent in this place.
 D = Time resting spent in this place.
 E = Time spent auto-exploring this place.
 F = Levels seen in this place.
 G = Mean time per level.
                   A        B        C        D        E       F      G
               +--------+--------+--------+--------+--------+-----+--------+
         Total |   6006 |   5605 |    401 |   1531 |   2370 |   8 |  750.8 |
       Dungeon |   5976 |   5575 |    401 |   1531 |   2370 |   7 |  853.7 |
        Temple |     30 |     30 |      0 |      0 |      0 |   1 |   30.0 |
               +--------+--------+--------+--------+--------+-----+--------+

Top non-repeatable levels by time:
     D:4: 1416 daAuts
     D:5: 1187 daAuts
     D:2: 940 daAuts
     D:3: 692 daAuts
     D:1: 667 daAuts
     D:7: 571 daAuts
     D:6: 500 daAuts
  Temple: 30 daAuts
